Gangsters vs Sasquatch
Created - April 15, 2020 at 19:57
Goals
|
| Gangsters |
0 |
1 |
2 |
3 |
| Sasquatch |
1 |
2 |
3 |
6 |
|
Shots
|
| Gangsters |
10 |
6 |
7 |
23 |
| Sasquatch |
12 |
6 |
17 |
35 |
|
1st period
1. Sasquatch , Matt Halischuk 39 (Dmitri Orlov 27, Petr Straka 39) at 2:51
Penalties :
Matt Halischuk (Gat) for Hooking (Minor) at 0:33, Samuel Blais (Bro) for Hooking (Minor) at 10:36
2nd period
2. Gangsters , Kevin Roy 18 (Richard Panik 62, David Pope 25) at 0:16
3. Sasquatch , Jimmy Vesey 29 (Matt Halischuk 61, Devin Shore 64) at 3:19 (PP)
4. Sasquatch , Mirco Mueller 2 (Devin Shore 65, Jimmy Vesey 37) at 11:28
Penalties :
Phillip Danault (Bro) for Cross-checking (Minor) at 3:07, Ian Cole (Gat) for Hooking (Minor) at 3:43, Ryan Culkin (Bro) for Goalie Interference (Minor) at 12:26
3rd period
5. Sasquatch , Dylan Sikura 5 (Quinton Howden 20, Teemu Hartikainen 18) at 11:05
6. Sasquatch , Brock Trotter 16 (T.J. Tynan 15) at 11:49
7. Gangsters , Derrick Pouliot 4 (Devante Smith-Pelly 46, Adam Lowry 6) at 15:18
8. Sasquatch , Devin Shore 29 (Jimmy Vesey 38, Patrick Wey 36) at 15:32
9. Gangsters , Stefan Noesen 20 (Jonas Brodin 26, Jake Marchment 1) at 16:25
Penalties :
Kevin Roy (Bro) for Slashing (Minor) at 1:55, Connor Chatam (Bro) for Interference (Minor) at 5:36, Devin Shore (Gat) for Hooking (Minor) at 6:23
Goalie Stats
Dustin Tokarski (Bro), 29 saves from 35 shots - (0.829), L, 29-24-3, 60:00 minutes
Corey Crawford (Gat), 20 saves from 23 shots - (0.870), W, 6-6-0, 60:00 minutes
Players Stats for Gangsters
Player Name G A P +/- PIM S H SB GA TA FO MP PP MP PK MP
------------------------------------------------------------------------------------
Adam Lowry 0 1 1 1 0 1 0 0 1 0 5/13 15:05 2:03 0:03
Brett Ponich 0 0 0 -1 0 1 1 1 1 0 0/0 27:46 2:43 3:59
Connor Chatam 0 0 0 -2 2 0 0 0 0 0 0/0 3:14 0:46 0:00
David Pope 0 1 1 -2 0 2 2 1 0 0 0/0 19:43 2:23 1:42
Derrick Pouliot 1 0 1 1 0 2 0 1 0 1 0/0 11:02 0:00 0:00
Devante Smith-Pelly 0 1 1 1 0 2 0 0 0 0 1/1 19:23 2:03 3:48
Jake Marchment 0 1 1 0 0 0 1 0 0 1 1/6 12:32 0:00 0:00
Jonas Brodin 0 1 1 -2 0 0 2 1 0 1 0/0 21:12 2:02 2:57
Julius Vahatalo 0 0 0 -1 0 0 0 0 0 0 0/0 6:11 0:00 0:00
Kevin Roy 1 0 1 -1 2 2 1 0 0 1 8/17 17:37 2:15 0:32
Matt Delahey 0 0 0 -1 0 5 2 1 0 1 0/0 27:46 2:43 3:59
Morgan Ellis 0 0 0 -2 0 1 1 2 0 1 0/0 21:12 2:02 2:57
Phillip Danault 0 0 0 1 2 0 1 1 0 0 0/1 16:32 2:03 1:26
Richard Panik 0 1 1 -2 0 4 2 2 1 0 5/7 24:53 2:04 3:42
Ryan Culkin 0 0 0 1 2 0 0 1 0 0 0/0 11:04 0:00 0:00
Samuel Blais 0 0 0 0 2 0 4 2 0 1 0/1 14:01 0:00 0:57
Sebastian Collberg 0 0 0 -1 0 0 0 1 0 0 0/0 6:51 0:19 0:00
Stefan Noesen 1 0 1 0 0 3 0 0 1 0 0/0 15:43 0:19 1:42
Players Stats for Sasquatch
Player Name G A P +/- PIM S H SB GA TA FO MP PP MP PK MP
------------------------------------------------------------------------------------
Brett Pesce 0 0 0 1 0 0 3 1 1 0 0/0 19:52 2:11 1:07
Brock Trotter 1 0 1 1 0 3 1 0 0 0 1/1 8:43 0:00 1:04
Devin Shore 1 2 3 1 2 3 2 0 0 0 9/21 19:01 3:15 0:20
Dmitri Orlov 0 1 1 1 0 0 1 3 1 0 0/0 20:21 2:11 2:23
Dylan Sikura 1 0 1 1 0 1 0 0 0 0 0/0 11:32 0:00 0:00
Ian Cole 0 0 0 0 2 1 1 0 1 0 0/0 26:18 4:45 1:17
Jimmy Vesey 1 2 3 1 0 2 1 0 1 0 0/1 18:05 3:16 0:00
Jujhar Khaira 0 0 0 -1 0 2 3 0 0 0 0/0 17:17 3:09 1:15
Martin Frk 0 0 0 0 0 0 0 0 0 0 0/0 7:16 0:31 0:00
Matt Halischuk 1 1 2 2 2 3 1 1 0 0 1/1 19:35 3:16 0:27
Mirco Mueller 1 0 1 1 0 1 1 0 0 0 0/0 13:50 0:00 2:06
Nikita Nesterov 0 0 0 1 0 1 0 0 0 0 0/0 13:14 0:00 0:15
Patrick Wey 0 1 1 0 0 1 3 0 0 2 0/0 26:40 4:45 2:22
Petr Straka 0 1 1 0 0 4 1 1 1 0 0/0 19:05 3:09 1:32
Quinton Howden 0 1 1 1 0 4 2 2 1 0 3/6 12:51 0:31 0:01
Sergey Kalinin 0 0 0 -1 0 1 2 1 0 2 7/9 16:24 0:31 2:26
T.J. Tynan 0 1 1 0 0 3 0 0 1 0 3/5 9:59 3:09 0:00
Teemu Hartikainen 0 1 1 1 0 5 1 0 0 0 2/2 13:57 0:00 2:25
3 Stars
1 - Jimmy Vesey (Gat)
2 - Devin Shore (Gat)
3 - Matt Halischuk (Gat)
Power Play
Gangsters - 0 on 3 Attempt(s) - 0.00%
Sasquatch - 1 on 5 Attempt(s) - 20.00%
Penalty Kill
Gangsters - 4 on 5 Attempt(s) - 80.00%
- Score 0 goal in Penalty Kill
Sasquatch - 3 on 3 Attempt(s) - 100.00%
- Score 0 goal in Penalty Kill
Team Stat
Gangsters - Hits : 17 - Faceoff Wins : 20 - Blocked Shots : 14 - Penalty Minutes : 10
Sasquatch - Hits : 23 - Faceoff Wins : 26 - Blocked Shots : 9 - Penalty Minutes : 6
Official
Referees : Unknown
Linesman : Unknown
Game Notes
No Game Note
Finance
Level 1 -- Attendance: 1481 (74.05%) -- Ticket Income $59,240
Level 2 -- Attendance: 655 (65.50%) -- Ticket Income $13,100
Total Attendance: 2136 (71.20%)
Total Ticket Income: $72,340
Other Income: $3,617
Total Income: $75,957
Gangsters
5 vs 5 Forward
Center Left Wing Right Wing Time % Phy DF OF
1 Kevin Roy David Pope Richard Panik 40 1 2 2
2 Adam Lowry Phillip Danault Devante Smith-Pelly 30 1 2 2
3 Jake Marchment Samuel Blais Stefan Noesen 20 1 2 2
4 Richard Panik Julius Vahatalo Sebastian Collberg 10 1 2 2
5 vs 5 Defense
Defense Defense Time % Phy DF OF
1 Matt Delahey Brett Ponich 40 1 2 2
2 Morgan Ellis Jonas Brodin 30 1 2 2
3 Derrick Pouliot Ryan Culkin 20 1 2 2
4 Matt Delahey Brett Ponich 10 1 2 2
PowerPlay Forward
Center Left Wing Right Wing Time % Phy DF OF
1 Kevin Roy David Pope Richard Panik 60 1 2 2
2 Adam Lowry Phillip Danault Devante Smith-Pelly 40 1 2 2
PowerPlay Defense
Defense Defense Time % Phy DF OF
1 Matt Delahey Brett Ponich 60 1 2 2
2 Morgan Ellis Jonas Brodin 40 1 2 2
Penalty Kill 4 Players Forward
Center Wing Time % Phy DF OF
1 Richard Panik Devante Smith-Pelly 60 1 2 2
2 Stefan Noesen David Pope 40 1 2 2
Penalty Kill 4 Players Defense
Defense Defense Time % Phy DF OF
1 Matt Delahey Brett Ponich 60 1 2 2
2 Morgan Ellis Jonas Brodin 40 1 2 2
Penalty Kill - 3 Players Forward
Forward Time % Phy DF OF
1 Richard Panik 60 1 2 2
2 Devante Smith-Pelly 40 1 2 2
Penalty Kill - 3 Players Defense
Defense Defense Time % Phy DF OF
1 Matt Delahey Brett Ponich 60 1 2 2
2 Morgan Ellis Jonas Brodin 40 1 2 2
4 vs 4 Forward
Center Wing Time % Phy DF OF
1 Richard Panik Devante Smith-Pelly 60 1 2 2
2 Stefan Noesen David Pope 40 1 2 2
4 vs 4 Defense
Defense Defense Time % Phy DF OF
1 Matt Delahey Brett Ponich 60 1 2 2
2 Morgan Ellis Jonas Brodin 40 1 2 2
Last Minutes Offensive
Center Left Wing Right Wing Defense Defense
Kevin Roy David Pope Richard Panik Matt Delahey Brett Ponich
Last Minutes Defensive
Center Left Wing Right Wing Defense Defense
Kevin Roy David Pope Richard Panik Matt Delahey Brett Ponich
Goaltenders
Starting : Dustin Tokarski
Backup : Jordan Binnington
Extra Forwards
Normal : Connor Chatam, Sebastian Collberg, Samuel Blais - PP : Connor Chatam, Sebastian Collberg - PK : Samuel Blais
Extra Defensemen
Normal : Derrick Pouliot, Ryan Culkin, Morgan Ellis - PP : Derrick Pouliot - PK : Ryan Culkin, Morgan Ellis
Penalty Shots
Richard Panik, Devante Smith-Pelly, Stefan Noesen, David Pope, Phillip Danault
Scratches
Jordan Subban (Healthy), Steven Santini (Healthy), Joshua Jacobs (Healthy), Jacob Middleton (Healthy), Dave Dziurzynski (Right Hand Injury)
Hugo Fagerblom (Healthy)
Sasquatch
5 vs 5 Forward
Center Left Wing Right Wing Time % Phy DF OF
1 Devin Shore Jimmy Vesey Matt Halischuk 40 1 2 2
2 Sergey Kalinin Jujhar Khaira Petr Straka 30 1 2 2
3 Quinton Howden Teemu Hartikainen Dylan Sikura 20 1 2 2
4 T.J. Tynan Brock Trotter Martin Frk 10 1 2 2
5 vs 5 Defense
Defense Defense Time % Phy DF OF
1 Ian Cole Patrick Wey 40 1 2 2
2 Brett Pesce Dmitri Orlov 30 1 2 2
3 Nikita Nesterov Mirco Mueller 20 1 2 2
4 Ian Cole Patrick Wey 10 1 2 2
PowerPlay Forward
Center Left Wing Right Wing Time % Phy DF OF
1 Devin Shore Jimmy Vesey Matt Halischuk 60 1 2 2
2 T.J. Tynan Jujhar Khaira Petr Straka 40 1 2 2
PowerPlay Defense
Defense Defense Time % Phy DF OF
1 Ian Cole Patrick Wey 60 1 2 2
2 Dmitri Orlov Brett Pesce 40 1 2 2
Penalty Kill 4 Players Forward
Center Wing Time % Phy DF OF
1 Sergey Kalinin Teemu Hartikainen 60 1 2 2
2 Matt Halischuk Jujhar Khaira 40 1 2 2
Penalty Kill 4 Players Defense
Defense Defense Time % Phy DF OF
1 Patrick Wey Ian Cole 60 1 2 2
2 Mirco Mueller Dmitri Orlov 40 1 2 2
Penalty Kill - 3 Players Forward
Forward Time % Phy DF OF
1 Brock Trotter 60 1 2 2
2 Quinton Howden 40 1 2 2
Penalty Kill - 3 Players Defense
Defense Defense Time % Phy DF OF
1 Dmitri Orlov Ian Cole 60 1 2 2
2 Patrick Wey Mirco Mueller 40 1 2 2
4 vs 4 Forward
Center Wing Time % Phy DF OF
1 Quinton Howden Matt Halischuk 60 1 2 2
2 Sergey Kalinin Jujhar Khaira 40 1 2 2
4 vs 4 Defense
Defense Defense Time % Phy DF OF
1 Ian Cole Nikita Nesterov 60 1 2 2
2 Patrick Wey Brett Pesce 40 1 2 2
Last Minutes Offensive
Center Left Wing Right Wing Defense Defense
Devin Shore Jimmy Vesey Matt Halischuk Ian Cole Dmitri Orlov
Last Minutes Defensive
Center Left Wing Right Wing Defense Defense
Sergey Kalinin Jujhar Khaira Matt Halischuk Mirco Mueller Patrick Wey
Goaltenders
Starting : Corey Crawford
Backup : Joonas Korpisalo
Extra Forwards
Normal : T.J. Tynan, Devin Shore, Petr Straka - PP : Sergey Kalinin, Quinton Howden - PK : Petr Straka
Extra Defensemen
Normal : Dmitri Orlov, Brett Pesce, Ian Cole - PP : Mirco Mueller - PK : Brett Pesce, Dmitri Orlov
Penalty Shots
Devin Shore, Matt Halischuk, Petr Straka, Brock Trotter, Jimmy Vesey
Scratches
Martin Marincin (Healthy), Hudson Fasching (Healthy), Garret Ross (Healthy), Christoffer Ehn (Healthy), Alex Lintuniemi (Healthy)
Cal Petersen (Healthy)
% Time on Ice - Gangsters
Lines # - Real PCT - Wanted PCT - Time Play
Normal Forward
1 - 30% - 40% - 14:19
2 - 30% - 30% - 14:05
3 - 27% - 20% - 12:32
4 - 13% - 10% - 6:11
Normal Defense
1 - 40% - 40% - 18:52
2 - 34% - 30% - 15:55
3 - 23% - 20% - 10:52
4 - 3% - 10% - 1:28
PP Forward
1 - 57% - 60% - 2:42
2 - 43% - 40% - 2:03
PP Defense
1 - 57% - 60% - 2:43
2 - 43% - 40% - 2:02
PK Forward
1 - 75% - 60% - 5:14
2 - 25% - 40% - 1:42
PK Defense
1 - 57% - 60% - 3:59
2 - 43% - 40% - 2:57
PK3 Forward
1 - 0% - 60%
2 - 0% - 40%
PK3 Defense
1 - 0% - 60%
2 - 0% - 40%
44 Forward
1 - 82% - 60% - 0:59
2 - 18% - 40% - 0:13
44 Defense
1 - 75% - 60% - 0:54
2 - 25% - 40% - 0:18
Last Minute Offensive - 0:00
Last Minute Defensive - 0:00
Total
Forward - 60:00
Defense - 60:00
|
% Time on Ice - Sasquatch
Lines # - Real PCT - Wanted PCT - Time Play
Normal Forward
1 - 35% - 40% - 16:19
2 - 27% - 30% - 12:49
3 - 24% - 20% - 11:32
4 - 14% - 10% - 6:27
Normal Defense
1 - 41% - 40% - 19:23
2 - 32% - 30% - 14:54
3 - 25% - 20% - 11:44
4 - 2% - 10% - 1:06
PP Forward
1 - 55% - 60% - 3:47
2 - 45% - 40% - 3:09
PP Defense
1 - 69% - 60% - 4:45
2 - 31% - 40% - 2:11
PK Forward
1 - 74% - 60% - 3:30
2 - 26% - 40% - 1:15
PK Defense
1 - 56% - 60% - 2:39
2 - 44% - 40% - 2:06
PK3 Forward
1 - 0% - 60%
2 - 0% - 40%
PK3 Defense
1 - 0% - 60%
2 - 0% - 40%
44 Forward
1 - 94% - 60% - 1:08
2 - 6% - 40% - 0:04
44 Defense
1 - 69% - 60% - 0:50
2 - 31% - 40% - 0:22
Last Minute Offensive - 0:00
Last Minute Defensive - 0:00
Total
Forward - 60:00
Defense - 60:00
|
Play-by-Play
1st period
0:01 of 1st period - Kevin Roy wins face-off versus Devin Shore in neutral zone.
0:33 of 1st period - Minor Penalty to Matt Halischuk for Hooking.
0:34 of 1st period - Teemu Hartikainen wins face-off versus Kevin Roy in Sasquatch zone.
2:33 of 1st period - Penalty to Matt Halischuk is over, Matt Halischuk is back on ice.
2:37 of 1st period - Wrist shot by Matt Halischuk.
2:37 of 1st period - Shot Misses the Net.
2:39 of 1st period - Snap shot by Matt Halischuk.
2:39 of 1st period - Shot Misses the Net.
2:41 of 1st period - Snap shot by Dmitri Orlov.
2:41 of 1st period - Shot Blocked by Richard Panik.
2:43 of 1st period - Slapshot by Dmitri Orlov.
2:43 of 1st period - Deflect By Matt Halischuk.
2:43 of 1st period - Stopped by Dustin Tokarski with a rebound.
2:45 of 1st period - Slapshot by Dmitri Orlov.
2:45 of 1st period - Shot Blocked by David Pope.
2:47 of 1st period - Wrist shot by Dmitri Orlov.
2:47 of 1st period - Shot Blocked by Jonas Brodin.
2:49 of 1st period - Wrist shot by Matt Halischuk.
2:49 of 1st period - Shot Blocked by Morgan Ellis.
2:51 of 1st period - Wrist shot by Matt Halischuk.
2:51 of 1st period - Goal by Matt Halischuk - Gangsters : 0 - Sasquatch : 1.
2:52 of 1st period - Teemu Hartikainen wins face-off versus Adam Lowry in neutral zone.
2:59 of 1st period - Snap shot by Teemu Hartikainen.
2:59 of 1st period - Stopped by Dustin Tokarski without a rebound.
3:00 of 1st period - Quinton Howden wins face-off versus Adam Lowry in Gangsters zone.
3:03 of 1st period - Wrist shot by Quinton Howden.
3:03 of 1st period - Shot Blocked by Matt Delahey.
3:08 of 1st period - Off-side.
3:09 of 1st period - Sergey Kalinin wins face-off versus Adam Lowry in neutral zone.
3:11 of 1st period - Off-side.
3:12 of 1st period - Adam Lowry wins face-off versus Sergey Kalinin in neutral zone.
3:14 of 1st period - Off-side.
3:15 of 1st period - Sergey Kalinin wins face-off versus Adam Lowry in neutral zone.
3:24 of 1st period - Snap shot by Devante Smith-Pelly.
3:24 of 1st period - Shot Misses the Net.
3:26 of 1st period - Snap shot by Derrick Pouliot.
3:26 of 1st period - Deflect By Dmitri Orlov.
3:26 of 1st period - Stopped by Corey Crawford without a rebound.
3:27 of 1st period - Sergey Kalinin wins face-off versus Kevin Roy in Sasquatch zone.
3:38 of 1st period - Morgan Ellis is hit by Jujhar Khaira.
4:19 of 1st period - Wrist shot by Phillip Danault.
4:19 of 1st period - Shot Blocked by Quinton Howden.
4:43 of 1st period - Slapshot by Ian Cole.
4:43 of 1st period - Shot Blocked by Derrick Pouliot.
4:45 of 1st period - Slapshot by Ian Cole.
4:45 of 1st period - Shot Blocked by Richard Panik.
4:47 of 1st period - Slapshot by Ian Cole.
4:47 of 1st period - Stopped by Dustin Tokarski with a rebound.
6:15 of 1st period - Kevin Roy is hit by Patrick Wey and loses puck.
6:32 of 1st period - Patrick Wey is hit by Morgan Ellis and loses puck.
6:43 of 1st period - Wrist shot by David Pope.
6:43 of 1st period - Stopped by Corey Crawford with a rebound.
6:45 of 1st period - Slapshot by Matt Delahey.
6:45 of 1st period - Stopped by Corey Crawford with a rebound.
6:55 of 1st period - Snap shot by Teemu Hartikainen.
6:55 of 1st period - Stopped by Dustin Tokarski without a rebound.
6:56 of 1st period - Sergey Kalinin wins face-off versus Adam Lowry in Gangsters zone.
6:57 of 1st period - Snap shot by Petr Straka.
6:57 of 1st period - Shot Misses the Net.
7:01 of 1st period - Wrist shot by Petr Straka.
7:01 of 1st period - Shot Misses the Net.
7:03 of 1st period - Wrist shot by Jujhar Khaira.
7:03 of 1st period - Stopped by Dustin Tokarski with a rebound.
8:49 of 1st period - Wrist shot by Teemu Hartikainen.
8:49 of 1st period - Shot Misses the Net.
9:01 of 1st period - Wrist shot by Petr Straka.
9:01 of 1st period - Stopped by Dustin Tokarski without a rebound.
9:02 of 1st period - Sergey Kalinin wins face-off versus Phillip Danault in Gangsters zone.
9:27 of 1st period - Slapshot by Stefan Noesen.
9:27 of 1st period - Shot Misses the Net.
9:35 of 1st period - Wrist shot by Devin Shore.
9:35 of 1st period - Stopped by Dustin Tokarski without a rebound.
9:36 of 1st period - Devin Shore wins face-off versus Kevin Roy in Gangsters zone.
10:01 of 1st period - Mirco Mueller is hit by Matt Delahey and loses puck.
10:30 of 1st period - Wrist shot by Teemu Hartikainen.
10:30 of 1st period - Shot Blocked by Samuel Blais.
10:36 of 1st period - Minor Penalty to Samuel Blais for Hooking.
10:37 of 1st period - Richard Panik wins face-off versus Jimmy Vesey in Gangsters zone.
10:37 of 1st period - Richard Panik is hit by Matt Halischuk.
10:49 of 1st period - Wrist shot by Devante Smith-Pelly.
10:49 of 1st period - Shot Blocked by Matt Halischuk.
12:36 of 1st period - Penalty to Samuel Blais is over, Samuel Blais is back on ice.
12:47 of 1st period - Snap shot by Teemu Hartikainen.
12:47 of 1st period - Stopped by Dustin Tokarski without a rebound.
12:48 of 1st period - Quinton Howden wins face-off versus Jake Marchment in Gangsters zone.
12:51 of 1st period - Wrist shot by Teemu Hartikainen.
12:51 of 1st period - Shot Misses the Net.
13:11 of 1st period - Richard Panik is hit by Brett Pesce and loses puck.
14:02 of 1st period - Dylan Sikura is hit by Samuel Blais.
14:03 of 1st period - Icing by Dylan Sikura.
14:04 of 1st period - Quinton Howden wins face-off versus Jake Marchment in Sasquatch zone.
14:52 of 1st period - Morgan Ellis is hit by Brett Pesce and loses puck.
15:09 of 1st period - Slapshot by Matt Delahey.
15:09 of 1st period - Shot Misses the Net.
15:11 of 1st period - Snap shot by Brett Ponich.
15:11 of 1st period - Stopped by Corey Crawford with a rebound.
15:13 of 1st period - Slapshot by Matt Delahey.
15:13 of 1st period - Stopped by Corey Crawford with a rebound.
15:15 of 1st period - Slapshot by Matt Delahey.
15:15 of 1st period - Stopped by Corey Crawford without a rebound.
15:16 of 1st period - Devin Shore wins face-off versus Kevin Roy in Sasquatch zone.
15:16 of 1st period - Devin Shore is hit by Matt Delahey.
16:08 of 1st period - Slapshot by Matt Delahey.
16:08 of 1st period - Deflect By T.J. Tynan.
16:08 of 1st period - Stopped by Corey Crawford without a rebound.
16:09 of 1st period - T.J. Tynan wins face-off versus Richard Panik in Sasquatch zone.
17:02 of 1st period - Slapshot by David Pope.
17:02 of 1st period - Stopped by Corey Crawford with a rebound.
18:12 of 1st period - Backhand shot by Sergey Kalinin.
18:12 of 1st period - Shot Misses the Net.
18:14 of 1st period - Snap shot by Sergey Kalinin.
18:14 of 1st period - Stopped by Dustin Tokarski without a rebound.
18:15 of 1st period - Adam Lowry wins face-off versus Devin Shore in Gangsters zone.
18:24 of 1st period - Snap shot by Phillip Danault.
18:24 of 1st period - Shot Misses the Net.
18:26 of 1st period - Slapshot by Devante Smith-Pelly.
18:26 of 1st period - Shot Misses the Net.
18:28 of 1st period - Snap shot by Devante Smith-Pelly.
18:28 of 1st period - Shot Blocked by Brett Pesce.
18:40 of 1st period - Kevin Roy is hit by Sergey Kalinin and loses puck.
18:59 of 1st period - Wrist shot by Stefan Noesen.
18:59 of 1st period - Stopped by Corey Crawford with a rebound.
19:03 of 1st period - Slapshot by Stefan Noesen.
19:03 of 1st period - Stopped by Corey Crawford without a rebound.
19:04 of 1st period - Brock Trotter wins face-off versus Kevin Roy in Sasquatch zone.
19:04 of 1st period - T.J. Tynan is hit by Richard Panik and loses puck.
19:15 of 1st period - Snap shot by Martin Frk.
19:15 of 1st period - Shot Misses the Net.
19:17 of 1st period - Wrist shot by T.J. Tynan.
19:17 of 1st period - Stopped by Dustin Tokarski with a rebound.
19:19 of 1st period - Wrist shot by Nikita Nesterov.
19:19 of 1st period - Stopped by Dustin Tokarski with a rebound.
Goals for this period are 0 for Gangsters vs 1 for Sasquatch.
Shots for this period are 10 for Gangsters vs 12 for Sasquatch.
2nd period
0:01 of 2nd period - Devin Shore wins face-off versus Kevin Roy in neutral zone.
0:12 of 2nd period - Wrist shot by Richard Panik.
0:12 of 2nd period - Shot Misses the Net.
0:14 of 2nd period - Slapshot by Richard Panik.
0:14 of 2nd period - Stopped by Corey Crawford with a rebound.
0:16 of 2nd period - Snap shot by Kevin Roy.
0:16 of 2nd period - Goal by Kevin Roy - Gangsters : 1 - Sasquatch : 1.
0:17 of 2nd period - Richard Panik wins face-off versus Devin Shore in neutral zone.
1:39 of 2nd period - Snap shot by Richard Panik.
1:39 of 2nd period - Shot Misses the Net.
1:41 of 2nd period - Snap shot by Richard Panik.
1:41 of 2nd period - Shot Misses the Net.
1:43 of 2nd period - Snap shot by David Pope.
1:43 of 2nd period - Shot Misses the Net.
1:45 of 2nd period - Slapshot by Matt Delahey.
1:45 of 2nd period - Shot Misses the Net.
2:05 of 2nd period - Snap shot by Richard Panik.
2:05 of 2nd period - Stopped by Corey Crawford with a rebound.
2:21 of 2nd period - Snap shot by Richard Panik.
2:21 of 2nd period - Shot Misses the Net.
2:23 of 2nd period - Slapshot by Kevin Roy.
2:23 of 2nd period - Shot Misses the Net.
2:25 of 2nd period - Slapshot by Matt Delahey.
2:25 of 2nd period - Shot Blocked by Sergey Kalinin.
2:39 of 2nd period - Wrist shot by David Pope.
2:39 of 2nd period - Shot Blocked by Petr Straka.
2:41 of 2nd period - Snap shot by Richard Panik.
2:41 of 2nd period - Shot Blocked by Dmitri Orlov.
2:43 of 2nd period - Slapshot by Brett Ponich.
2:43 of 2nd period - Deflect By Kevin Roy.
2:43 of 2nd period - Stopped by Corey Crawford with a rebound.
2:45 of 2nd period - Wrist shot by Richard Panik.
2:45 of 2nd period - Stopped by Corey Crawford without a rebound.
2:46 of 2nd period - Devin Shore wins face-off versus Adam Lowry in Sasquatch zone.
3:07 of 2nd period - Minor Penalty to Phillip Danault for Cross-checking.
3:08 of 2nd period - Devin Shore wins face-off versus Samuel Blais in Gangsters zone.
3:19 of 2nd period - Snap shot by Jimmy Vesey.
3:19 of 2nd period - Goal by Jimmy Vesey - Gangsters : 1 - Sasquatch : 2.
3:20 of 2nd period - Adam Lowry wins face-off versus Devin Shore in neutral zone.
3:43 of 2nd period - Minor Penalty to Ian Cole for Hooking.
3:44 of 2nd period - Sergey Kalinin wins face-off versus Adam Lowry in Sasquatch zone.
3:49 of 2nd period - Slapshot by Patrick Wey.
3:49 of 2nd period - Shot Misses the Net.
4:41 of 2nd period - Brock Trotter is hit by David Pope and loses puck.
5:38 of 2nd period - Brock Trotter is hit by David Pope and loses puck.
5:43 of 2nd period - Penalty to Ian Cole is over, Ian Cole is back on ice.
5:49 of 2nd period - Ian Cole is hit by Samuel Blais and loses puck.
6:18 of 2nd period - Stefan Noesen is hit by Quinton Howden.
7:32 of 2nd period - Richard Panik is hit by Brock Trotter and loses puck.
7:45 of 2nd period - Kevin Roy is hit by Patrick Wey and loses puck.
8:04 of 2nd period - Teemu Hartikainen is hit by Brett Ponich.
8:08 of 2nd period - Samuel Blais is hit by Teemu Hartikainen and loses puck.
8:16 of 2nd period - Icing by Brett Ponich.
8:17 of 2nd period - Jake Marchment wins face-off versus T.J. Tynan in Gangsters zone.
8:22 of 2nd period - Matt Delahey is hit by Ian Cole and loses puck.
8:41 of 2nd period - Matt Delahey is hit by Jimmy Vesey and loses puck.
8:46 of 2nd period - Wrist shot by Jimmy Vesey.
8:46 of 2nd period - Shot Misses the Net.
8:50 of 2nd period - Snap shot by Jimmy Vesey.
8:50 of 2nd period - Deflect By Matt Halischuk.
8:50 of 2nd period - Stopped by Dustin Tokarski with a rebound.
9:00 of 2nd period - Phillip Danault is hit by Brett Pesce and loses puck.
9:05 of 2nd period - Slapshot by Teemu Hartikainen.
9:05 of 2nd period - Shot Blocked by Phillip Danault.
9:11 of 2nd period - Snap shot by Teemu Hartikainen.
9:11 of 2nd period - Stopped by Dustin Tokarski with a rebound.
9:31 of 2nd period - Matt Delahey is hit by Mirco Mueller and loses puck.
11:26 of 2nd period - Wrist shot by Devin Shore.
11:26 of 2nd period - Stopped by Dustin Tokarski with a rebound.
11:28 of 2nd period - Slapshot by Mirco Mueller.
11:28 of 2nd period - Goal by Mirco Mueller - Gangsters : 1 - Sasquatch : 3.
11:29 of 2nd period - Devin Shore wins face-off versus Adam Lowry in neutral zone.
12:26 of 2nd period - Minor Penalty to Ryan Culkin for Goalie Interference.
12:27 of 2nd period - Richard Panik wins face-off versus T.J. Tynan in Gangsters zone.
13:49 of 2nd period - Morgan Ellis is hit by Quinton Howden.
14:26 of 2nd period - Penalty to Ryan Culkin is over, Ryan Culkin is back on ice.
14:56 of 2nd period - Teemu Hartikainen is hit by Phillip Danault and loses puck.
17:49 of 2nd period - Morgan Ellis is hit by Devin Shore and loses puck.
18:27 of 2nd period - Connor Chatam is hit by Jujhar Khaira and loses puck.
18:54 of 2nd period - Icing by Brett Ponich.
18:55 of 2nd period - T.J. Tynan wins face-off versus Jake Marchment in Gangsters zone.
19:04 of 2nd period - Wrist shot by Brock Trotter.
19:04 of 2nd period - Stopped by Dustin Tokarski without a rebound.
19:05 of 2nd period - Kevin Roy wins face-off versus Devin Shore in Gangsters zone.
19:41 of 2nd period - Phillip Danault is hit by Jujhar Khaira and loses puck.
19:52 of 2nd period - Quinton Howden is hit by Samuel Blais and loses puck.
19:57 of 2nd period - Wrist shot by Stefan Noesen.
19:57 of 2nd period - Shot Misses the Net.
19:59 of 2nd period - Slapshot by Morgan Ellis.
19:59 of 2nd period - Deflect By Teemu Hartikainen.
19:59 of 2nd period - Stopped by Corey Crawford without a rebound.
Goals for this period are 1 for Gangsters vs 2 for Sasquatch.
Shots for this period are 6 for Gangsters vs 6 for Sasquatch.
3rd period
0:01 of 3rd period - Kevin Roy wins face-off versus Devin Shore in neutral zone.
0:48 of 3rd period - Slapshot by Ian Cole.
0:48 of 3rd period - Shot Blocked by Morgan Ellis.
0:51 of 3rd period - Icing by Jake Marchment.
0:52 of 3rd period - T.J. Tynan wins face-off versus Jake Marchment in Gangsters zone.
0:59 of 3rd period - Snap shot by Brock Trotter.
0:59 of 3rd period - Shot Misses the Net.
1:01 of 3rd period - Slapshot by Brock Trotter.
1:01 of 3rd period - Stopped by Dustin Tokarski without a rebound.
1:02 of 3rd period - Kevin Roy wins face-off versus Devin Shore in Gangsters zone.
1:29 of 3rd period - Wrist shot by Sergey Kalinin.
1:29 of 3rd period - Shot Misses the Net.
1:37 of 3rd period - Slapshot by Matt Delahey.
1:37 of 3rd period - Stopped by Corey Crawford with a rebound.
1:39 of 3rd period - Slapshot by Matt Delahey.
1:39 of 3rd period - Deflect By Devante Smith-Pelly.
1:39 of 3rd period - Shot Misses the Net.
1:39 of 3rd period - Puck is out of play.
1:40 of 3rd period - Kevin Roy wins face-off versus Devin Shore in Sasquatch zone.
1:55 of 3rd period - Minor Penalty to Kevin Roy for Slashing.
1:56 of 3rd period - Devin Shore wins face-off versus Richard Panik in Gangsters zone.
3:55 of 3rd period - Penalty to Kevin Roy is over, Kevin Roy is back on ice.
4:21 of 3rd period - Slapshot by Quinton Howden.
4:21 of 3rd period - Stopped by Dustin Tokarski with a rebound.
4:29 of 3rd period - Wrist shot by Stefan Noesen.
4:29 of 3rd period - Shot Misses the Net.
4:51 of 3rd period - Slapshot by Adam Lowry.
4:51 of 3rd period - Stopped by Corey Crawford with a rebound.
4:53 of 3rd period - Slapshot by Morgan Ellis.
4:53 of 3rd period - Shot Blocked by Dmitri Orlov.
5:08 of 3rd period - Slapshot by Jonas Brodin.
5:08 of 3rd period - Shot Blocked by Dmitri Orlov.
5:36 of 3rd period - Minor Penalty to Connor Chatam for Interference.
5:37 of 3rd period - Richard Panik wins face-off versus Devin Shore in Gangsters zone.
6:06 of 3rd period - Backhand shot by Patrick Wey.
6:06 of 3rd period - Shot Misses the Net.
6:08 of 3rd period - Backhand shot by T.J. Tynan.
6:08 of 3rd period - Stopped by Dustin Tokarski with a rebound.
6:10 of 3rd period - Slapshot by Patrick Wey.
6:10 of 3rd period - Shot Blocked by Brett Ponich.
6:12 of 3rd period - Snap shot by T.J. Tynan.
6:12 of 3rd period - Shot Hit the Post.
6:23 of 3rd period - Minor Penalty to Devin Shore for Hooking.
6:24 of 3rd period - Richard Panik wins face-off versus Quinton Howden in Sasquatch zone.
6:24 of 3rd period - Slapshot by Devante Smith-Pelly.
6:24 of 3rd period - Shot Misses the Net.
7:10 of 3rd period - Slapshot by Patrick Wey.
7:10 of 3rd period - Shot Blocked by Sebastian Collberg.
7:14 of 3rd period - Snap shot by T.J. Tynan.
7:14 of 3rd period - Shot Misses the Net.
7:20 of 3rd period - Ian Cole is hit by Jonas Brodin.
7:36 of 3rd period - Penalty to Connor Chatam is over, Connor Chatam is back on ice.
7:46 of 3rd period - Dmitri Orlov is hit by Kevin Roy and loses puck.
8:23 of 3rd period - Penalty to Devin Shore is over, Devin Shore is back on ice.
8:27 of 3rd period - Brock Trotter is hit by Samuel Blais and loses puck.
8:44 of 3rd period - Snap shot by Ian Cole.
8:44 of 3rd period - Shot Blocked by Ryan Culkin.
8:59 of 3rd period - Snap shot by Petr Straka.
8:59 of 3rd period - Deflect By Devin Shore.
8:59 of 3rd period - Shot Misses the Net.
8:59 of 3rd period - Puck is out of play.
9:00 of 3rd period - Adam Lowry wins face-off versus Quinton Howden in Gangsters zone.
9:24 of 3rd period - Jimmy Vesey is hit by Jonas Brodin.
9:33 of 3rd period - Icing by Stefan Noesen.
9:34 of 3rd period - Kevin Roy wins face-off versus Sergey Kalinin in Gangsters zone.
10:05 of 3rd period - Snap shot by Phillip Danault.
10:05 of 3rd period - Shot Blocked by Quinton Howden.
10:07 of 3rd period - Slapshot by Jonas Brodin.
10:07 of 3rd period - Shot Misses the Net.
10:57 of 3rd period - Wrist shot by Quinton Howden.
10:57 of 3rd period - Deflect By Richard Panik.
10:57 of 3rd period - Stopped by Dustin Tokarski with a rebound.
10:59 of 3rd period - Wrist shot by Dylan Sikura.
10:59 of 3rd period - Deflect By Teemu Hartikainen.
10:59 of 3rd period - Stopped by Dustin Tokarski with a rebound.
11:03 of 3rd period - Wrist shot by Quinton Howden.
11:03 of 3rd period - Stopped by Dustin Tokarski with a rebound.
11:05 of 3rd period - Wrist shot by Dylan Sikura.
11:05 of 3rd period - Goal by Dylan Sikura - Gangsters : 1 - Sasquatch : 4.
11:06 of 3rd period - Devante Smith-Pelly wins face-off versus Devin Shore in neutral zone.
11:31 of 3rd period - Jujhar Khaira is hit by Richard Panik.
11:47 of 3rd period - Wrist shot by T.J. Tynan.
11:47 of 3rd period - Shot Blocked by Samuel Blais.
11:49 of 3rd period - Wrist shot by Brock Trotter.
11:49 of 3rd period - Goal by Brock Trotter - Gangsters : 1 - Sasquatch : 5.
11:50 of 3rd period - Kevin Roy wins face-off versus Devin Shore in neutral zone.
12:15 of 3rd period - Brett Ponich is hit by Patrick Wey and loses puck.
12:48 of 3rd period - Snap shot by Quinton Howden.
12:48 of 3rd period - Stopped by Dustin Tokarski with a rebound.
14:02 of 3rd period - Icing by Ian Cole.
14:03 of 3rd period - Adam Lowry wins face-off versus Quinton Howden in Sasquatch zone.
14:04 of 3rd period - Snap shot by Devante Smith-Pelly.
14:04 of 3rd period - Stopped by Corey Crawford with a rebound.
14:57 of 3rd period - Snap shot by Samuel Blais.
14:57 of 3rd period - Shot Misses the Net.
15:03 of 3rd period - Stefan Noesen is hit by Dmitri Orlov and loses puck.
15:14 of 3rd period - Snap shot by Samuel Blais.
15:14 of 3rd period - Shot Misses the Net.
15:16 of 3rd period - Wrist shot by Adam Lowry.
15:16 of 3rd period - Deflect By Devante Smith-Pelly.
15:16 of 3rd period - Stopped by Corey Crawford with a rebound.
15:18 of 3rd period - Slapshot by Derrick Pouliot.
15:18 of 3rd period - Goal by Derrick Pouliot - Gangsters : 2 - Sasquatch : 5.
15:19 of 3rd period - Devin Shore wins face-off versus Kevin Roy in neutral zone.
15:28 of 3rd period - Wrist shot by Jimmy Vesey.
15:28 of 3rd period - Stopped by Dustin Tokarski with a rebound.
15:30 of 3rd period - Slapshot by Devin Shore.
15:30 of 3rd period - Shot Hit the Post.
15:32 of 3rd period - Snap shot by Devin Shore.
15:32 of 3rd period - Goal by Devin Shore - Gangsters : 2 - Sasquatch : 6.
15:33 of 3rd period - Matt Halischuk wins face-off versus Kevin Roy in neutral zone.
15:44 of 3rd period - Kevin Roy is hit by Devin Shore and loses puck.
16:05 of 3rd period - Wrist shot by Patrick Wey.
16:05 of 3rd period - Stopped by Dustin Tokarski with a rebound.
16:07 of 3rd period - Wrist shot by Petr Straka.
16:07 of 3rd period - Stopped by Dustin Tokarski without a rebound.
16:08 of 3rd period - Sergey Kalinin wins face-off versus Jake Marchment in Gangsters zone.
16:23 of 3rd period - Wrist shot by Stefan Noesen.
16:23 of 3rd period - Shot Misses the Net.
16:25 of 3rd period - Snap shot by Stefan Noesen.
16:25 of 3rd period - Goal by Stefan Noesen - Gangsters : 3 - Sasquatch : 6.
16:26 of 3rd period - Kevin Roy wins face-off versus Devin Shore in neutral zone.
16:33 of 3rd period - Backhand shot by Richard Panik.
16:33 of 3rd period - Stopped by Corey Crawford with a rebound.
16:42 of 3rd period - Wrist shot by Jimmy Vesey.
16:42 of 3rd period - Shot Misses the Net.
16:59 of 3rd period - Snap shot by Jujhar Khaira.
16:59 of 3rd period - Stopped by Dustin Tokarski with a rebound.
17:01 of 3rd period - Snap shot by Petr Straka.
17:01 of 3rd period - Stopped by Dustin Tokarski with a rebound.
18:04 of 3rd period - Wrist shot by Petr Straka.
18:04 of 3rd period - Stopped by Dustin Tokarski without a rebound.
18:05 of 3rd period - Devin Shore wins face-off versus Kevin Roy in Gangsters zone.
18:32 of 3rd period - Phillip Danault is hit by Sergey Kalinin and loses puck.
18:59 of 3rd period - Mirco Mueller is hit by Jake Marchment and loses puck.
19:25 of 3rd period - Wrist shot by T.J. Tynan.
19:25 of 3rd period - Stopped by Dustin Tokarski with a rebound.
19:39 of 3rd period - Wrist shot by Jonas Brodin.
19:39 of 3rd period - Shot Misses the Net.
19:41 of 3rd period - Slapshot by Morgan Ellis.
19:41 of 3rd period - Shot Misses the Net.
19:55 of 3rd period - Kevin Roy is hit by Petr Straka and loses puck.
Goals for this period are 2 for Gangsters vs 3 for Sasquatch.
Shots for this period are 7 for Gangsters vs 17 for Sasquatch.
Back to the Top